 Dungeon Crawl Stone Soup version 0.20-a0-556-g892c87b (webtiles) character file.

2086 Ijustatesigmund the Slicer (level 9, -7/87 HPs)
             Began as a Kobold Assassin on Feb 6, 2017.
             Mangled by a two-headed ogre
             ... wielding a +0 giant spiked club
              (8 damage)
             ... on level 8 of the Dungeon on Feb 7, 2017.
             The game lasted 00:21:36 (8052 turns).

Ijustatesigmund the Slicer (Kobold Assassin)        Turns: 8052, Time: 00:21:36

Health: -7/87      AC:  6    Str: 14    XL:     9   Next: 51%
Magic:  9/9        EV: 22    Int: 13    God:
Gold:   378        SH:  0    Dex: 22    Spells: 8/8 levels left

rFire    . . .     SeeInvis .   a - +3 dagger (flame)
rCold    . . .     Gourm    .   c - +0 robe
rNeg     . . .     Faith    .   (shield restricted)
rPois    .         Spirit   .   (no helmet)
rElec    .         Reflect  .   I - +1 cloak
rCorr    .         Harm     .   B - +0 pair of gloves
MR       .....                  (no boots)
Stlth    ..........             (no amulet)
Regen    0.3/turn               (no ring)
                                p - +6 ring of dexterity

@: berserking, very quick
A: claws 1, rugged brown scales 1, carnivore 3, dopey 1
a: no special abilities


You were on level 8 of the Dungeon.
You were very full.

You visited 3 branches of the dungeon, and saw 10 of its levels.

You collected 378 gold pieces.

Inventory:

Hand Weapons
 a - a +3 dagger of flaming (weapon)
 b - a +0 blowgun
Missiles
 e - 3 poisoned needles
 w - 5 needles of sleeping
Armour
 c - a +0 robe (worn)
 B - a +0 pair of gloves (worn)
 I - a +1 cloak (worn)
Jewellery
 p - a +6 ring of dexterity (left hand)
Wands
 C - a wand of polymorph (7/24)
 D - a wand of confusion (40/48)
Scrolls
 u - 5 scrolls of remove curse
 v - 2 scrolls of teleportation
 x - a scroll of immolation
 y - 4 scrolls of recharging
 A - 2 scrolls of enchant weapon
 G - a scroll of identify
 H - a scroll of magic mapping
Potions
 h - 2 potions of brilliance
 i - a potion of cure mutation
 j - a potion of resistance
 l - 4 potions of curing
 m - a potion of agility {unknown}
 n - 4 potions of lignification
 o - 2 potions of berserk rage
 q - 2 potions of might {unknown}
 r - 2 potions of cancellation {unknown}
 s - a potion of degeneration {unknown}
 t - 2 potions of heal wounds
 z - a potion of haste {unknown}
 E - 2 potions of magic {unknown}
Comestibles
 g - 4 meat rations
 k - 5 royal jellies


   Skills:
 + Level 7.2 Fighting
 + Level 8.7 Short Blades
 - Level 2.1 Throwing
 + Level 7.8 Dodging
 - Level 8.1 Stealth


You had 8 spell levels left.
You didn't know any spells.

Dungeon Overview and Level Annotations

Branches:
Dungeon (8/15)             Temple (1/1) D:6            Lair (1/6) D:8

Altars:
Ashenzari
Cheibriados
Dithmenos
Elyvilon
Fedhas
Gozag
Hepliaklqana
Kikubaaqudgha
Makhleb
Nemelex Xobeh
Okawaru
Qazlal
Ru
Sif Muna
Trog
Uskayaw
Vehumet
Xom
Yredelemnul
Zin
The Shining One

Shops:
D:7 (

Annotations:
D:8 azzavlup's ghost, novice TeBe


Innate Abilities, Weirdness & Mutations

You are small and have problems with some larger weapons.
You are carnivorous and can eat meat at any time.
You have sharp fingernails.
You are partially covered in rugged brown scales. (AC +1, +3% HP)
You are dopey. (Int -2)


Message History

The two-headed ogre closely misses you. x2
Evoke which item? (* to show all) (? for menu, Esc to quit)
Aiming: Confuse (will waste charges)
Press: ? - help, Shift-Dir - straight line, f/p - two-headed ogre
Aim: a two-headed ogre, wielding two giant spiked clubs (severely wounded, poisoned, chance to defeat MR: 28%)
The two-headed ogre easily resists.
Evoking this partially-identified wand wasted a few charges.
Okay, then.
A red film seems to cover your vision as you go berserk!
You feel yourself moving faster!
You feel mighty!
The two-headed ogre hits you with a giant spiked club!
* * * LOW HITPOINT WARNING * * *
The two-headed ogre completely misses you.
You puncture the two-headed ogre! You burn the two-headed ogre.
The two-headed ogre is almost dead.
You completely miss the two-headed ogre.
The two-headed ogre is almost dead.
The two-headed ogre closely misses you.
The two-headed ogre hits you with a giant spiked club!
You die...

.# #.#...##.##.##
.###.#.......#..#
.(...#..###.###.####
.##(..(.......#....#
###.##....#.#.#....#
+...###..##.#.#.#..#
#.### ##....#.#.#.>#
#. ######.#.#..# .
####.)....O@..# #
#........#....#
#.##.##########
#.##.# #.##.# #....#
####.# ###


You could see a two-headed ogre.

Vanquished Creatures
  Sigmund (D:2)
  2 water moccasins
  6 ogres
  2 necrophages
  3 bullfrogs
  A crimson imp (D:6)
  3 hounds
  A bullfrog zombie (D:7)
  A jelly (D:6)
  2 orc wizards
  A bullfrog skeleton (D:5)
  2 centaur skeletons
  3 iguanas
  7 worker ants
  3 gnolls (D:2)
  11 adders
  A river rat (D:8)
  A shadow imp (D:6)
  2 oozes
  3 worms (D:2)
  3 dart slugs
  7 leopard geckos
  9 orcs
  3 ball pythons
  7 giant cockroaches
  5 goblins
  12 hobgoblins
  10 jackals
  6 kobolds
  8 quokkas
  6 bats
  5 frilled lizards
  A quokka zombie (D:5)
  11 rats
149 creatures vanquished.

Notes
Turn   | Place    | Note
-------+----------+-------------------------------------------
     0 | D:1      | Ijustatesigmund the Kobold Assassin began the quest for the Orb.
     0 | D:1      | Reached XP level 1. HP: 12/12 MP: 1/1
    91 | D:1      | Reached XP level 2. HP: 16/17 MP: 2/2
   401 | D:1      | Reached XP level 3. HP: 14/21 MP: 3/3
  1089 | D:2      | Reached XP level 4. HP: 27/27 MP: 4/4
  1093 | D:2      | Gained mutation: You are partially covered in rugged brown scales. (AC +1, +3% HP) [potion of mutation]
  1093 | D:2      | Gained mutation: You are dopey. (Int -2) [potion of mutation]
  1093 | D:2      | Gained mutation: You have sharp fingernails. [potion of mutation]
  1491 | D:2      | Found a white marble altar of Elyvilon.
  1521 | D:2      | Reached XP level 5. HP: 25/32 MP: 5/5
  1722 | D:2      | Reached skill level 5 in Short Blades
  1738 | D:2      | Noticed Sigmund
  1752 | D:2      | Killed Sigmund
  1752 | D:2      | Reached XP level 6. HP: 28/38 MP: 6/6
  2693 | D:3      | Found a blossoming altar of Fedhas.
  2745 | D:3      | Found a snail-covered altar of Cheibriados.
  2954 | D:3      | Found a snail-covered altar of Cheibriados.
  3007 | D:4      | Reached XP level 7. HP: 28/43 MP: 7/7
  3050 | D:5      | Entered Level 5 of the Dungeon
  3641 | D:4      | Found an opulent altar of Gozag.
  4369 | D:5      | Reached skill level 5 in Dodging
  4406 | D:5      | Reached XP level 8. HP: 16/49 MP: 8/8
  4659 | D:5      | Reached skill level 5 in Fighting
  5299 | D:6      | Found a basalt altar of Yredelemnul.
  5390 | D:6      | Found a deep blue altar of Sif Muna.
  5796 | D:6      | Found a staircase to the Ecumenical Temple.
  5808 | Temple   | Entered the Ecumenical Temple
  6238 | D:7      | Reached XP level 9. HP: 48/55 MP: 9/9
  6343 | D:7      | Found Ammok's Weapon Boutique.
  6817 | D:7      | Found a hide-covered altar of Uskayaw.
  6817 | D:7      | Found a bloodstained altar of Trog.
  7145 | D:8      | Found a sparkling altar of Nemelex Xobeh.
  7204 | D:8      | Noticed azzavlup's ghost (novice TeBe)
  7534 | D:8      | Found a staircase to the Lair.
  7699 | Lair:1   | Entered Level 1 of the Lair of Beasts
  7861 | D:8      | Noticed a two-headed ogre
  8050 | D:8      | HP: 1/87 [two-headed ogre/giant spiked club (17)]
  8052 | D:8      | Mangled by a two-headed ogre

Vault maps used:
D:1:      minmay_arrival_four_houses
D:2:      minmay_diamond_boxcup, elyvilon_altar_5, kennysheep_generic_room_11,
          uniq_sigmund
D:3:      fedhas_altar_3, lemuel_crystal_altar, first_bread, cheibriados_altar_1
D:4:      nicolae_gozag_seed_capital
D:6:      nicolae_overflow_crystal_walls, overflow_temple_1_default,
          minmay_temple_entry_glassed_door
D:7:      gammafunk_temple_overflow_statue, serial_shops, shop,
          small_statue_intersection
D:8:      nemelex_xobeh_ov_fountains_minmay, lair_entry_dummy
Temple:   hc_temple_tempest_star
Lair:1:   grunt_megastairs_4

Skill      XL: |  1  2  3  4  5  6  7  8  9 |
---------------+----------------------------+-----
Stealth        | 6 7 8 |  8.1
Short Blades   | 3 4 6 7 8 |  8.7
Dodging        | 2 3 4 5 6 7 |  7.8
Fighting       | 3 4 6 7 |  7.2
Throwing       | |  2.1

Action                   |  1- 3 |  4- 6 |  7- 9 || total
-------------------------+-------+-------+-------++-------
Melee: Dagger            |   112 |   230 |   423 ||   765
 Fire: Blowgun           |       |    13 |     6 ||    19
Throw: Tomahawk          |       |     4 |       ||     4
Evoke: Wand              |       |       |     2 ||     2
  Use: Scroll            |     3 |     9 |     8 ||    20
       Potion            |       |     3 |     5 ||     8
 Stab: Sleeping          |     8 |     4 |    22 ||    34
       Distracted        |       |     3 |     2 ||     5
  Eat: Chunk             |     9 |     3 |    17 ||    29
Armor: Robe              |    24 |    43 |    54 ||   121
Dodge: Dodged            |    97 |   184 |   309 ||   590
